 Dungeon Crawl Stone Soup version 0.25-a0-58-g9dd530fc12 (webtiles) character file.

Game seed: 17937572311229646972, levelgen mode: deterministic

1353 Granthy the Charmwright (level 8, -7/64 HPs)
             Began as a Gnoll Skald on Oct 26, 2019.
             Was an Initiate of Ashenzari.
             Mangled by an ice beast (11 damage)
             ... on level 6 of the Dungeon.
             The game lasted 00:15:31 (5034 turns).

Granthy the Charmwright (Gnoll Skald)               Turns: 5034, Time: 00:15:32

Health: -7/64      AC:  5    Str: 16    XL:     8   Next: 63%
Magic:  10/17      EV: 15    Int: 17    God:    Ashenzari [......]
Gold:   154        SH:  5    Dex: 16    Spells: 15/19 levels left

rFire    . . .     SeeInvis .   x - +0 rapier (curse)
rCold    . . .     Gourm    .   (no shield)
rNeg     . . .     Faith    .   b - +1 leather armour
rPois    .         Spirit   .   (no helmet)
rElec    .         Reflect  +   (no cloak)
rCorr    .         Harm     .   v - +0 pair of gloves
MR       .....     Rnd*Tele +   (no boots)
Stlth    ++........             p - +5 amulet of reflection
HPRegen  0.20/turn              w - ring of Puahea {*Tele Str+3}
MPRegen  0.15/turn              (no ring)

@: infused
A: distributed training, fangs 1, strong nose
a: Curse Item, Renounce Religion


You were on level 6 of the Dungeon.
You worshipped Ashenzari.
Ashenzari was noncommittal.
You were not hungry.

You visited 2 branches of the dungeon, and saw 7 of its levels.

You collected 154 gold pieces.

Inventory:

Hand Weapons
 a - a +0 spear
 j - a +2 trident of distortion
 k - a -1 trident
 n - the +9 whip "Byarext" {slash, Fragile MP+9 Stlth+}
   (You found it on level 5 of the Dungeon)

   It inflicts extra damage upon your enemies.
   It affects your magic capacity (+9).
   It will be destroyed if unequipped.
   It makes you more stealthy.
 x - a cursed +0 rapier (weapon)
Armour
 b - a +1 leather armour (worn)
 v - a +0 pair of gloves (worn)
Jewellery
 l - an uncursed ring of poison resistance
 m - an uncursed ring of protection from magic
 p - a +5 amulet of reflection (around neck)
 q - an uncursed ring of magical power
 u - a cursed ring of attention
 w - the ring of Puahea (left hand) {*Tele Str+3}
   (You found it on level 4 of the Dungeon)

   [ring of teleportation]

   It may teleport you next to monsters.
   It affects your strength (+3).
Wands
 y - a wand of flame (15)
 A - a wand of disintegration (11)
Scrolls
 c - a scroll of random uselessness
 e - 5 scrolls of identify
 h - a scroll of teleportation
 z - a scroll of enchant weapon {unknown}
 B - a scroll of magic mapping
 C - a scroll of amnesia {unknown}
 D - a scroll of enchant armour
 E - a scroll of noise
Potions
 f - 2 potions of curing {unknown}
 g - 2 potions of ambrosia {unknown}
 o - 2 potions of lignification
 r - a potion of magic {unknown}
 s - a potion of brilliance {unknown}
 t - a potion of degeneration {unknown}
Comestibles
 d - 4 rations


   Skills:
 + Level 5.7 Fighting
 + Level 3.3 Short Blades
 + Level 3.3 Long Blades
 + Level 3.3 Axes
 + Level 3.3 Maces & Flails
 + Level 5.7 Polearms
 + Level 3.3 Staves
 + Level 3.3 Slings
 + Level 3.3 Bows
 + Level 3.3 Crossbows
 + Level 3.3 Throwing
 + Level 4.3 Armour
 + Level 5.7 Dodging
 + Level 3.3 Stealth
 + Level 3.3 Shields
 + Level 3.3 Unarmed Combat
 + Level 6.1 Spellcasting
 + Level 2.7 Conjurations
 + Level 2.7 Hexes
 + Level 6.1 Charms
 + Level 2.7 Summonings
 + Level 2.7 Necromancy
 + Level 2.7 Translocations
 + Level 2.7 Transmutations
 + Level 2.7 Fire Magic
 + Level 2.7 Ice Magic
 + Level 2.7 Air Magic
 + Level 2.7 Earth Magic
 + Level 2.7 Poison Magic
 + Level 3.7 Invocations
 + Level 3.3 Evocations


You had 15 spell levels left.
You knew the following spells:

 Your Spells              Type           Power        Failure   Level  Hunger
a - Infusion              Chrm           ####         1%          1    None
b - Spectral Weapon       Hex/Chrm       ###.....     7%          3    ##.....

Your spell library contained the following spells:

 Spells                   Type           Power        Failure   Level  Hunger
 Song of Slaying          Chrm           ####....     1%          2    None
 Shroud of Golubria       Chrm/Tloc      ###...       3%          2    None
 Regeneration             Chrm/Necr      ###.......   7%          3    ##.....


Dungeon Overview and Level Annotations

Branches:
Dungeon (6/15)             Temple (1/1) D:5

Altars:
Ashenzari
Elyvilon
Fedhas
Gozag
Hepliaklqana
Kikubaaqudgha
Nemelex Xobeh
Qazlal
Ru
Vehumet
Wu Jian
Xom
Yredelemnul
The Shining One

Shops:
D:6 !

Annotations:
D:5 3 runed translucent doors, floatboth's ghost, novice MfEn; swagumen's ghost, novice HuNe


Innate Abilities, Weirdness & Mutations

Your experience applies equally to all skills.
You have very sharp teeth.
Your uncanny sense of smell can sniff out nearby items.


Message History

Prince Ribbit is severely wounded.
Your spectral weapon hits Prince Ribbit.
Prince Ribbit hits you! Prince Ribbit hits you!!
* * * LOW HITPOINT WARNING * * *
You hit Prince Ribbit!
Prince Ribbit is almost dead.
Your spectral weapon closely misses Prince Ribbit.
Prince Ribbit hits you.
* * * LOW HITPOINT WARNING * * *
You hit Prince Ribbit!
You kill Prince Ribbit!
Prince Ribbit returns to his original shape as he dies.
The ice beast barely misses you.
You closely miss the ice beast.
You bite the ice beast, but do no damage.
Your spectral weapon hits the ice beast.
The ice beast hits you.
* * * LOW HITPOINT WARNING * * *
The ice beast freezes you!
You die...

..####....##.#
###
#......(####.####
................#
.###....>###....#
.....#..()###..[#
..#####.#(# #(..#
∆ $ #.#(###...#
#.#.[##Y(.#
#.##(.#@†.#
#..##.[####
##.###.## ∆
#...#[.# ###..#.#
##...# ##..# #..#
#....


You could see an ice beast and a friendly spectral +0 rapier.

Vanquished Creatures
  Prince Ribbit (D:6)
  Menkaure (D:4)
  An ice beast (D:6)
  A phantom (D:5)
  A sky beast (D:5)
  2 ogres (D:5)
  A bullfrog (D:6)
  A scorpion (D:4)
  3 howler monkeys
  3 hounds
  An orc priest (D:4)
  2 orc wizards (D:4)
  A worker ant (D:5)
  2 hound skeletons
  7 adders
  A shadow imp (D:6)
  An ooze (D:2)
  3 worms
  A dart slug (D:2)
  3 leopard geckos
  17 orcs
  2 giant cockroaches
  7 goblins
  4 hobgoblins
  4 kobolds
  3 quokkas
  A ball python (D:5)
  5 bats
  3 frilled lizards (D:2)
  A leopard gecko skeleton (D:5)
  A quokka skeleton (D:4)
  7 rats
92 creatures vanquished.

Vanquished Creatures (others)
  A spectral weapon (D:6)
1 creature vanquished.

Grand Total: 93 creatures vanquished

Notes
Turn   | Place    | Note
-------+----------+-------------------------------------------
     0 | D:1      | Granthy the Gnoll Skald began the quest for the Orb.
     0 | D:1      | Reached XP level 1. HP: 20/20 MP: 6/6
   571 | D:1      | Reached XP level 2. HP: 26/26 MP: 7/7
   790 | D:2      | Reached skill level 5 in Spellcasting
   790 | D:2      | Reached XP level 3. HP: 31/31 MP: 2/9
   850 | D:2      | Learned a level 3 spell: Spectral Weapon
   868 | D:2      | Reached skill level 1 in Invocations
   967 | D:2      | Reached skill level 1 in Short Blades
   967 | D:2      | Reached skill level 1 in Long Blades
   967 | D:2      | Reached skill level 1 in Axes
   967 | D:2      | Reached skill level 1 in Maces & Flails
   967 | D:2      | Reached skill level 1 in Staves
   967 | D:2      | Reached skill level 1 in Slings
   967 | D:2      | Reached skill level 1 in Bows
   967 | D:2      | Reached skill level 1 in Crossbows
   967 | D:2      | Reached skill level 1 in Throwing
   967 | D:2      | Reached skill level 1 in Stealth
   967 | D:2      | Reached skill level 1 in Shields
   967 | D:2      | Reached skill level 1 in Unarmed Combat
   967 | D:2      | Reached skill level 1 in Evocations
  1027 | D:2      | Reached XP level 4. HP: 35/38 MP: 7/11
  1787 | D:3      | Found a radiant altar of Vehumet.
  1804 | D:3      | Reached skill level 1 in Conjurations
  1804 | D:3      | Reached skill level 1 in Hexes
  1804 | D:3      | Reached skill level 1 in Summonings
  1804 | D:3      | Reached skill level 1 in Necromancy
  1804 | D:3      | Reached skill level 1 in Translocations
  1804 | D:3      | Reached skill level 1 in Transmutations
  1804 | D:3      | Reached skill level 1 in Fire Magic
  1804 | D:3      | Reached skill level 1 in Ice Magic
  1804 | D:3      | Reached skill level 1 in Air Magic
  1804 | D:3      | Reached skill level 1 in Earth Magic
  1804 | D:3      | Reached skill level 1 in Poison Magic
  1980 | D:3      | Found a blossoming altar of Fedhas.
  1980 | D:3      | Found a basalt altar of Yredelemnul.
  2378 | D:4      | Found a sacrificial altar of Ru.
  2396 | D:4      | Noticed Menkaure
  2405 | D:4      | Killed Menkaure
  2405 | D:4      | Reached XP level 5. HP: 35/43 MP: 4/12
  2408 | D:4      | Reached XP level 6. HP: 39/50 MP: 2/13
  2536 | D:4      | Found a white marble altar of Elyvilon.
  2554 | D:4      | Reached skill level 5 in Fighting
  2554 | D:4      | Reached skill level 5 in Polearms
  2554 | D:4      | Reached skill level 5 in Dodging
  3430 | D:4      | Reached XP level 7. HP: 55/56 MP: 9/15
  3537 | D:4      | Got a twitching copper ring
  3540 | D:4      | Identified the ring of Puahea {*Tele Str+3} (You found it
                  | on level 4 of the Dungeon)
  3656 | D:5      | Entered Level 5 of the Dungeon
  3662 | D:5      | Found a shattered altar of Ashenzari.
  3684 | D:5      | Became a worshipper of Ashenzari the Shackled
  3695 | D:5      | Identified the +9 whip "Byarext" {slash, Fragile MP+9
                  | Stlth+}
  3818 | D:5      | Found a runed translucent gate.
  3819 | D:5      | Found a runed translucent gate.
  3819 | D:5      | Found a runed translucent gate.
  3823 | D:5      | Noticed swagumen's ghost (novice HuNe)
  3823 | D:5      | Noticed floatboth's ghost (novice MfEn)
  3930 | D:5      | Found a staircase to the Ecumenical Temple.
  3952 | Temple   | Entered the Ecumenical Temple
  4421 | D:6      | Reached XP level 8. HP: 42/63 MP: 7/16
  4701 | D:6      | Found Pitet's Distillery.
  4701 | D:6      | Noticed Prince Ribbit
  4711 | D:6      | HP: 1/63 [Prince Ribbit (4)]
  5033 | D:6      | Killed Prince Ribbit
  5034 | D:6      | Mangled by an ice beast

Levels and vault maps discovered:
D:1:      dpeg_arrival_line_fractal, layout_basic
D:2:      layout_loops_ring
D:3:      layout_basic, nicolae_overflow_hidden_temple,
          gammafunk_temple_overflow_statue
D:4:      layout_basic, lemuel_crystal_altar, old_standard_altar, first_ration,
          minmay_hedge_maze, minmay_checkerbox, uniq_menkaure
D:5:      layout_basic, evilmike_ruin_ashenzari, temple_statues,
          gammafunk_ghost_cemetery, minmay_misc_feat_four_crosses
D:6:      layout_rooms, lemuel_crystal_altar, serial_shops, shop, shop, shop,
          uniq_prince_ribbit1
Temple:   eino_wide_crystal_templ

Skill      XL: |  1  2  3  4  5  6  7  8 |
---------------+-------------------------+-----
Spellcasting   | 5 6 |  6.1
Invocations    | 1 2 3 |  3.7
Short Blades   | 1 2 3 |  3.3
Long Blades    | 1 2 3 |  3.3
Axes           | 1 2 3 |  3.3
Maces & Flails | 1 2 3 |  3.3
Staves         | 1 2 3 |  3.3
Slings         | 1 2 3 |  3.3
Bows           | 1 2 3 |  3.3
Crossbows      | 1 2 3 |  3.3
Throwing       | 1 2 3 |  3.3
Stealth        | 1 2 3 |  3.3
Shields        | 1 2 3 |  3.3
Unarmed Combat | 1 2 3 |  3.3
Evocations     | 1 2 3 |  3.3
Conjurations   | 1 2 |  2.7
Hexes          | 1 2 |  2.7
Summonings     | 1 2 |  2.7
Necromancy     | 1 2 |  2.7
Translocations | 1 2 |  2.7
Transmutations | 1 2 |  2.7
Fire Magic     | 1 2 |  2.7
Ice Magic      | 1 2 |  2.7
Air Magic      | 1 2 |  2.7
Earth Magic    | 1 2 |  2.7
Poison Magic   | 1 2 |  2.7
Armour         | 3 4 |  4.3
Fighting       | 5 |  5.7
Polearms       | 5 |  5.7
Dodging        | 5 |  5.7
Charms         | 6 |  6.1

Action                   |  1- 3 |  4- 6 |  7- 9 || total
-------------------------+-------+-------+-------++-------
Melee: Spear             |    66 |    73 |       ||   139
       Bite              |     5 |    10 |    12 ||    27
       Punch             |       |     1 |     3 ||     4
       Trident           |       |    46 |     8 ||    54
       Rapier            |       |       |    97 ||    97
 Cast: Infusion          |     5 |     7 |     7 ||    19
       Spectral Weapon   |     4 |    13 |    12 ||    29
  Use: Scroll            |       |     8 |     4 ||    12
       Potion            |       |     1 |       ||     1
 Stab: Sleeping          |     3 |     2 |     1 ||     6
       Distracted        |       |       |     1 ||     1
  Eat: Chunk             |     1 |     5 |     1 ||     7
       Ration            |       |     1 |     2 ||     3
Armor: Leather armour    |     5 |    17 |    16 ||    38
Dodge: Dodged            |    33 |    60 |    71 ||   164
Block: Other             |       |    15 |    18 ||    33
       Reflection        |       |       |     1 ||     1

Table legend:
 A = Non-vault XP
 B = Vault XP
 C = Vault XP percentage of total XP
 D = Non-vault monster count
 E = Vault monster count
 F = Vault count percentage of total count
                 A         B        C        D         E       F
            +---------+---------+-------+---------+---------+-------
      Total |    1336 |     597 |  30.9 |      87 |       5 |   5.4
            +---------+---------+-------+---------+---------+-------
        D:1 |      10 |       0 |   0.0 |       8 |       0 |   0.0
        D:2 |     108 |       0 |   0.0 |      24 |       0 |   0.0
        D:3 |      35 |       0 |   0.0 |      12 |       0 |   0.0
        D:4 |     222 |     323 |  59.3 |      17 |       4 |  19.0
        D:5 |     559 |       0 |   0.0 |      11 |       0 |   0.0
        D:6 |     402 |     274 |  40.5 |      15 |       1 |   6.2
            +---------+---------+-------+---------+---------+-------
